 Dungeon Crawl Stone Soup version 0.28.0-49-g6dfe1f597d (webtiles) character file.

Game seed: 443693313864883526

73 Gabide the Sneak (level 4, -6/37 HPs)
             Began as a Barachi Delver on May 18, 2022.
             Was a Plaything of Xom.
             Mangled by Natasha (8 damage)
             ... on level 2 of the Dungeon.
             The game lasted 00:07:17 (1592 turns).

Gabide the Sneak (Barachi Delver)                   Turns: 1592, Time: 00:07:17

Health: -6/37      AC:  3    Str: 15    XL:     4   Next: 27%
Magic:  4/4        EV: 12    Int: 11    God:    Xom [..*...]
Gold:   33         SH:  0    Dex: 13    Spells: 3/3 levels left

rFire   . . .      SeeInvis .   a - +0 falchion
rCold   . . .      Faith    .   (no shield)
rNeg    . . .      Spirit   .   b - +0 leather armour
rPois   .          Reflect  .   (no helmet)
rElec   .          Harm     .   (no cloak)
rCorr   .          Rampage  .   (no gloves)
Will    .....                   (no boots)
Stlth   ++........              (no amulet)
HPRegen 0.12/turn               (no ring)
MPRegen 0.09/turn               (no ring)

@: unable to hop, slowed, very slow
A: amphibious, slowness 1, strong legs 1, +LOS
a: Hop, Renounce Religion


You were on level 2 of the Dungeon.
You worshipped Xom.
You were a toy of Xom.
You visited 1 branch of the dungeon, and saw 5 of its levels.
You also visited: Ossuary.

You collected 33 gold pieces.

Inventory:

Hand Weapons
 a - a +0 falchion (weapon)
Missiles
 h - 6 silver boomerangs
Armour
 b - a +0 leather armour (worn)
Jewellery
 l - a ring of ice
Wands
 g - a wand of digging (3)
Scrolls
 c - a scroll of fog
 e - a scroll of fear
 f - a scroll of immolation {unknown}
 i - a scroll of magic mapping
 m - a scroll of identify {unknown}
Potions
 d - a potion of cancellation {unknown}
 j - a potion of heal wounds {unknown}
 k - a potion of magic {unknown}


   Skills:
 - Level 4.0 Fighting
 + Level 3.2 Long Blades
 * Level 2.9 Armour
 - Level 3.0 Dodging
 - Level 4.5 Stealth


You had 3 spell levels left.
You didn't know any spells.
Your spell library contained the following spells:

 Spells                   Type           Power      Damage    Failure   Level
 Sting                    Tmut/Pois      0%         1d3       41%         1
 Ignition                 Fire           0%         3d3       100%        8


Dungeon Overview and Level Annotations

Branches:
Dungeon (6/15)            Ossuary (visited)
 Temple: D:4-7

Altars:
Xom

Annotations:
D:2 Natasha
D:5 exclusion: wraith


Innate Abilities, Weirdness & Mutations

You are amphibious.
You cover ground slowly.
You can hop short distances.
You have an extended range of vision and can be seen from far away.


Message History

No target in view!
You see here 5 poisoned darts.
Natasha, Servant of Life and Death comes into view.
She is carrying a wand of flame (21).
Okay, then.
Okay, then.
Hop to where?
Press: ? - help, Q - select action, (/) - cycle Dir - move target Boing!
The helpless Natasha fails to defend herself.
You slash Natasha!
Natasha is heavily wounded.
Natasha barely misses you.
Natasha howls an incantation.
Natasha glows brightly for a moment.
Natasha zaps a wand.
The puff of flame hits you!
A shower of butterflies erupts from you!
You miss Natasha.
Natasha is heavily wounded.
Natasha drinks a potion.
Natasha is healed!
You hit Natasha.
Natasha is heavily wounded. "How about this?"
You do an impromptu tapdance.
Natasha claws you.
Natasha zaps a wand.
The puff of flame misses you.
You hit Natasha.
Natasha is almost dead.
Natasha zaps a wand.
The puff of flame hits you!
* * * LOW HITPOINT WARNING * * *
You hit Natasha but do no damage.
Natasha is almost dead.
Natasha claws you!
* * * LOW HITPOINT WARNING * * *
Unknown command.
Okay, then.
Okay, then.
You hit Natasha but do no damage.
Natasha is almost dead.
Natasha casts a spell at you.
You feel yourself slow down. Natasha claws you!
You die...

#.# #.#####.# #
#.##.......#
#.###..####....
#......####.##
##.#.........# ##
#.#..#...######
..#####. .#.#.##..# #
........#[b...###.####
# #h@.#..........# #
##.########.##.# # #.#
##.##.####
#.#######....>....
#...(.............
#########...######
##.## ..# ###


You could see Natasha (ally target).

Vanquished Creatures
  A hound (D:5)
  A mummy (D:5)
  An adder (D:3)
  2 adder zombies (Ossuary)
  2 endoplasms
  2 goblins
  2 quokkas (D:3)
  2 ball pythons
  A bat (D:3)
  2 frilled lizards
  2 kobolds
  A rat (D:3)
19 creatures vanquished.

Notes
Turn   | Place    | Note
-------+----------+-------------------------------------------
     0 | D:5      | Gabide the Barachi Delver began the quest for the Orb.
     0 | D:5      | Reached XP level 1. HP: 18/18 MP: 1/1
    22 | D:5      | Noticed a hound
    34 | D:5      | Killed a hound
    35 | D:5      | Reached skill level 1 in Armour
    35 | D:5      | Reached XP level 2. HP: 13/25 MP: 2/2
    35 | D:5      | Reached XP level 3. HP: 15/30 MP: 3/3
   193 | D:5      | Found a sand-covered staircase.
   200 | Ossuary  | Entered an ossuary
   285 | D:6      | Noticed an ice beast
   440 | D:5      | Noticed a wraith
   984 | D:3      | Reached XP level 4. HP: 30/37 MP: 4/4
  1303 | D:3      | Found a shimmering altar of Xom.
  1338 | D:3      | Became a worshipper of Xom of Malevolent Giggling
  1340 | D:3      | Got the Grimoire of Venom and the Arsonist
  1584 | D:2      | Noticed Natasha
  1586 | D:2      | XOM: butterfly on damage
  1588 | D:2      | XOM: silly message
  1592 | D:2      | Mangled by Natasha

Illustrated notes

Levels and vault maps discovered:
D:2:      layout_loops_ring, uniq_natasha
D:3:      layout_loops_corners, mainiacjoe_overflow_brackets
D:4:      layout_loops_corners, vehumet_altar_wand_db
D:5:      minmay_razor_zed, layout_basic, chequers_ossuary_entry_cave
D:6:      layout_cave_pools, serial_shops, shop, nicolae_shop_hallway_plus,
          nicolae_lakefront_shop, nicolae_shop_trees, minivault_5,
          kennysheep_another_room, uniq_maggie

Skill      XL: |  1  2  3  4 |
---------------+-------------+-----
Armour         | 1 2 |  2.9
Fighting       | 4 |  4.0
Long Blades    | 3 |  3.2
Dodging        | 3 |  3.0
Stealth        | |  4.5

Action                   |  1- 3 |  4- 6 || total
-------------------------+-------+-------++-------
Melee: Falchion          |    39 |    46 ||    85
       Punch             |     1 |       ||     1
 Abil: Hop               |       |     2 ||     2
  Use: Scroll            |     1 |       ||     1
       Potion            |     1 |       ||     1
 Stab: Sleeping          |       |     2 ||     2
Armor: Leather armour    |    14 |    11 ||    25
Dodge: Dodged            |    49 |    16 ||    65
